[Event "Early-Titled-Tuesday-Blitz-November-28-2023"]
[Site "Chess.com"]
[Date "2023.11.28"]
[Round "4"]
[White "Firouzja2003"]
[Black "Ajedrez_con_German"]
[Result "1-0"]
[WhiteElo "3042"]
[BlackElo "2610"]
[TimeControl "180+1"]
[EndTime "8:40:06 PST"]
[Termination "Firouzja2003 won on time"]

1. d4 d5 2. c4 c6 3. Nf3 Nf6 4. e3 Bg4 5. Nc3 e6 6. h3 Bxf3 7.
Qxf3 Nbd7 8. Bd2 Bb4 9. Bd3 O-O 10. a3 Ba5 11. b4 Bc7 12. Qe2 e5 13. dxe5 Nxe5 14. cxd5 Nxd5 15. Bc2 Re8 16. O-O Qd6 17. g3 Rad8 18. Rad1 Qe6 19. Kg2 Nc4 20. Bb3 Nxc3 21. Bxc3 Nxe3+ 22. Qxe3 Qxb3 23. Rxd8 Rxd8 24. Re1 Qd5+ 25.
Kg1 h6 26. Qxa7 Rb8 27. Qe3 Rd8 28. a4 Qd7 29. Kg2 Qd5+ 30. Qe4 Qxe4+ 31. Rxe4 Rd7 32. Re8+ Kh7 33. a5 Kg6 34. h4 f6 35. Ra8 Kf7 36. h5 Ke6 37. Ra7 Be5 38. Be1 Kd6 39.
f4 Bd4 40. Ra8 Re7 41. Rd8+ Rd7 42. Re8 Kd5 43. Kf3 Kc4 44. g4 Bc3 45. Re4+ Rd4 46. Bxc3 Kxc3 47. Re7 Kxb4 48. Rxb7+ Kxa5 49. Rxg7 c5 50. Rf7 c4 51. Rxf6 c3 52. Rc6 Kb4 53. g5 Rc4 54.
Rxc4+ Kxc4 55. g6 c2 56. g7 c1=Q 57. g8=Q+ Kd3 58. Qd5+ 1-0

[Event "Early-Titled-Tuesday-Blitz-November-28-2023"]
[Site "Chess.com"]
[Date "2023.11.28"]
[Round "4"]
[White "GoltsevDmitry2000"]
[Black "ElDivis"]
[Result "0-1"]
[WhiteElo "2668"]
[BlackElo "2489"]
[TimeControl "180+1"]
[EndTime "8:40:06 PST"]
[Termination "ElDivis won by resignation"]

1. e4 c5 2. Nf3 d6 3. d4 cxd4 4. Nxd4 Nf6 5. Nc3 g6 6. Be2 Bg7 7. O-O O-O 8. Be3 Nc6 9. f4 Qb6 10. Na4 Qa5 11. Nc3 Qb6 12. Na4 Qa5 13. Nc3 Nxd4 14.
Bxd4 Be6 15. Bf3 Rfd8 16. Re1 Rac8 17. Qd3 Bc4 18. Qe3 b6 19. e5 dxe5 20. fxe5 Ne8 21. Rad1 Nc7 22. a3 Ne6 23. Qf2 Nxd4 24. Rxd4 Bxe5 25.
Rxd8+ Rxd8 26. Kh1 Bxc3 27. bxc3 Qxa3 28. h4 e6 29. h5 Qxc3 30. h6 Qd4 31. Qg3 Qf6 32.
Be4 a5 33. Re3 b5 34. Rf3 Qa1+ 35. Kh2 Qd4 36. Qc7 Qd6+ 37. Qxd6 Rxd6 38. Rc3 a4 39.
Bd3 Rc6 40. Be4 Rc8 41. Bf3 Rb8 42. Re3 Kf8 43. Bc6 Ke7 44. Rf3 Rb6 45. Be4 Rd6 46. c3 Rd2 47. Bb1 a3 48. Re3 a2 49.
Bxa2 Bxa2 50. Rg3 Bd5 51. Re3 Rxg2+ 52. Kh3 Rd2 53. Rg3 Bc4 54. Rg4 Rd3+ 55. Kh2 Rxc3 56. Rf4 Rc2+ 57. Kh1 Rd2 58. Rd4 Rxd4 0-1

[Event "Early-Titled-Tuesday-Blitz-November-28-2023"]
[Site "Chess.com"]
[Date "2023.11.28"]
[Round "4"]
[White "nitpicker"]
[Black "JuniorJumper"]
[Result "0-1"]
[WhiteElo "2317"]
[BlackElo "2554"]
[TimeControl "180+1"]
[EndTime "8:40:08 PST"]
[Termination "JuniorJumper won on time"]

1. d4 Nf6 2. c4 e6 3. g3 Bb4+ 4.
Bd2 Bxd2+ 5. Qxd2 d5 6. Bg2 O-O 7. Nf3 b6 8. cxd5 exd5 9. Nc3 c6 10. O-O Nbd7 11. Rfd1 Re8 12. e3 Ba6 13. b4 Ne4 14.
Nxe4 dxe4 15. Ne1 Nf6 16. Rac1 Bb5 17. Qc2 Rc8 18. a4 Ba6 19. Qb3 Qd5 20. Rc3 h5 21. Rdc1 g6 22. h3 Kg7 23. Qxd5 cxd5 24. b5 Bb7 25. Rc7 Red8 26. R1c2 Rxc7 27. Rxc7 Rd7 28. Rxd7 Nxd7 29. Nc2 Kf8 30. Nb4 Ke7 31. g4 h4 32.
f3 f5 33. gxf5 gxf5 34. fxe4 fxe4 35. Bf1 Kd6 36. Be2 Nb8 37. Bg4 a5 38. Nc2 Nd7 39.
Kf2 Nf6 40. Be2 Bc8 41. Kg2 Bd7 42. Ne1 Nh7 43. Bg4 Bxg4 44. hxg4 Ng5 45. Kh2 Nf3+ 46. Nxf3 exf3 47. Kh3 Ke6 48. Kh2 Kf6 49. Kh3 Kg5 50.
e4 dxe4 51. d5 e3 52. d6 f2 53. Kg2 h3+ 54. Kf1 h2 0-1

[Event "Early-Titled-Tuesday-Blitz-November-28-2023"]
[Site "Chess.com"]
[Date "2023.11.28"]
[Round "4"]
[White "EvgenyBurmakin"]
[Black "LouieKov2022"]
[Result "1-0"]
[WhiteElo "2408"]
[BlackElo "2587"]
[TimeControl "180+1"]
[EndTime "8:40:08 PST"]
[Termination "EvgenyBurmakin won on time"]

1. e4 c5 2. Nc3 d6 3. Nf3 Nf6 4. d4 cxd4 5. Nxd4 a6 6. Be3 e5 7.
Nb3 Be7 8. f3 Be6 9. Qd2 h5 10.
O-O-O Nbd7 11. Kb1 Rc8 12. Nd5 Nxd5 13. exd5 Bf5 14.
Bd3 Bxd3 15. Qxd3 Bg5 16. Rhe1 O-O 17. g4 hxg4 18. fxg4 Nb6 19. Na5 Bxe3 20. Rxe3 Qc7 21. Rh3 g6 22. Nb3 Kg7 23. Rf1 Qc4 24. Qxc4 Rxc4 25. g5 Rg4 26. Na5 Rb8 27. Rb3 Nxd5 28. Nxb7 Rxg5 29. Nxd6 Rxb3 30. Rxf7+ Kg8 31. axb3 Rg1+ 32.
Ka2 Ne3 33. Ra7 Nxc2 34. b4 Nxb4+ 35. Kb3 Nc6 36. Rxa6 Nd4+ 37. Kc4 Rg2 38. b4 Rxh2 39. Kd5 Re2 40. Nc4 g5 41. Nxe5 Nf5 42. Rg6+ Kf8 43.
Rxg5 Ne7+ 44. Ke6 Rb2 45. Rg4 Ke8 46. Rh4 Kf8 47. Nd7+ Kg7 48. Rg4+ Ng6 49. Ne5 Kh6 50. Rxg6+ Kh5 51. Rg4 1-0

[Event "Early-Titled-Tuesday-Blitz-November-28-2023"]
[Site "Chess.com"]
[Date "2023.11.28"]
[Round "4"]
[White "Nf3c5"]
[Black "Niilo1"]
[Result "0-1"]
[WhiteElo "2495"]
[BlackElo "2300"]
[TimeControl "180+1"]
[EndTime "8:40:08 PST"]
[Termination "Niilo1 won by checkmate"]

1. d4 Nf6 2. Nf3 d5 3. e3 c5 4. b3 Nc6 5. Bb2 Bg4 6. dxc5 e6 7. Nbd2 Bxc5 8. h3 Bh5 9. Bd3 O-O 10. O-O Nb4 11. Be2 Bg6 12. Ne1 Rc8 13. a3 Nc6 14. Nef3 h6 15. c4 Bd6 16. Rc1 Ne4 17. Nxe4 dxe4 18. Nd4 Ne5 19. b4 Bb8 20. Qb3 Nd3 21.
Bxd3 exd3 22. Rfd1 e5 23. Nb5 a6 24. Nc3 Qg5 25. e4 Rfd8 26. f3 f5 27. c5+ Kh7 28.
Qe6 Re8 29. Qc4 Qe3+ 30. Kh1 Rcd8 31. Nd5 Qf2 32. Bc3 fxe4 33. fxe4 Bh5 34. Rxd3 Be2 35.
Rcd1 Bxd3 36. Qxd3 Rf8 37. Bd2 Qh4 38. Be3 Qh5 39.
a4 Rd7 40. b5 Rdf7 41. Kh2 axb5 42. axb5 g5 43. c6 bxc6 44. bxc6 g4 45. Qe2 Qh4 46.
Qe1 Qh5 47. Qg3 gxh3 48. Qxh3 Qxd1 49. Qe6 Qh5+ 50. Kg1 Rf1# 0-1

[Event "Early-Titled-Tuesday-Blitz-November-28-2023"]
[Site "Chess.com"]
[Date "2023.11.28"]
[Round "4"]
[White "Kirill_Klukin"]
[Black "marcodobrikov"]
[Result "1-0"]
[WhiteElo "2857"]
[BlackElo "2612"]
[TimeControl "180+1"]
[EndTime "8:40:09 PST"]
[Termination "Kirill_Klukin won by resignation"]

1. d4 d5 2. c4 e6 3. cxd5 exd5 4.
Nc3 c6 5. Nf3 h6 6. Bf4 Nf6 7.
e3 Bd6 8. Ne5 O-O 9. Bd3 Re8 10.
O-O Qe7 11. Bg3 Bxe5 12. Bxe5 Nbd7 13. Bg3 Nf8 14. Rb1 b5 15. Qc2 Bd7 16. Rbc1 a5 17. Nb1 a4 18. Nd2 Ne6 19. Nf3 Rec8 20. Ne5 c5 21. dxc5 Nxc5 22. Qe2 Nxd3 23. Qxd3 Be8 24.
Qd4 Qe6 25. h3 Ne4 26. Bf4 f6 27. Nf3 Rc4 28. Qd3 Rac8 29. Nd4 Qd7 30. Rcd1 Bg6 31. Qe2 Kh7 32. f3 Nc5 33. b3 axb3 34. axb3 Rb4 35.
Qd2 Nd3 36. Bg3 Qe7 37. Ra1 Re8 38. Nc6 Qxe3+ 39. Qxe3 Rxe3 40. Nxb4 Nxb4 41. Rfe1 d4 42. Bf2 Nc2 43. Bxe3 dxe3 44. Rac1 Nxe1 45. Rxe1 Bc2 46. Rxe3 Kg6 47. b4 Kf5 48. Kf2 g5 49. Rc3 Ba4 50.
Rc5+ Ke6 51. Ke3 h5 52. g3 f5 53. f4 h4 54. gxh4 gxh4 55. Kd4 Bd1 56. Rxb5 Bg4 57. Rb6+ Kf7 58. Rh6 Bxh3 59. Rxh4 Bf1 60. Ke5 Kg6 61. Rh2 Bb5 62. Rc2 Kh5 63. Rc5 Bd3 64. b5 Kg4 65. b6 Be4 66. Rc7 Bc6 67. Rxc6 1-0

[Event "Early-Titled-Tuesday-Blitz-November-28-2023"]
[Site "Chess.com"]
[Date "2023.11.28"]
[Round "4"]
[White "stollenmonster"]
[Black "jup1978"]
[Result "1-0"]
[WhiteElo "2881"]
[BlackElo "2528"]
[TimeControl "180+1"]
[EndTime "8:40:09 PST"]
[Termination "stollenmonster won by resignation"]

1. e4 e5 2. Nc3 Nf6 3. g3 Nc6 4. Bg2 Bc5 5. h3 d6 6. Nge2 Nd4 7. d3 Nxe2 8. Qxe2 Bd7 9. O-O Qe7 10. Be3 Bb6 11.
Rad1 c6 12. d4 O-O 13. Rfe1 Rfe8 14. Qd2 Be6 15. Kh2 Rad8 16. f4 exd4 17. Bxd4 Bxd4 18. Qxd4 b6 19. Qa4 Rc8 20. Qa3 h6 21. Rxd6 Nd7 22.
e5 Nc5 23. Rd2 Red8 24. Rf2 g6 25. g4 Rd4 26. f5 Bc4 27. b4 Qh4 28. Kg1 Rd2 29. Nd1 Rcd8 30. bxc5 Rxd1 31. Qe3 Rxe1+ 32.
Qxe1 bxc5 33. e6 fxe6 34. fxg6 Qg5 35. Be4 Rd4 36. c3 Rd7 37. Kg2 Re7 38. Bf3 Bd5 39. c4 Bxf3+ 40. Rxf3 Qxg6 41. Qe5 Qg7 42. Qxc5 e5 43.
Qxc6 e4 44. Qd5+ Kh7 45. Qf5+ Qg6 46. Qxg6+ Kxg6 47. Rf5 e3 48. Rf1 e2 49. Re1 Re4 50. Kf2 Rxc4 51. Rxe2 Rc3 52. Kg2 Ra3 53. h4 h5 54. g5 Kf5 55. Kh2 Kg4 56. Rg2+ Kxh4 57. g6 Rh3+ 58. Kg1 Rc3 59. g7 Rc1+ 60. Kh2 Rc8 61. g8=Q Rxg8 62. Rxg8 a5 63. Ra8 a4 64. Rxa4+ Kg5 65. Kh3 h4 66. Rc4 Kh5 67. a4 Kg5 68. a5 Kh5 69. a6 Kg5 70. a7 Kh5 71. a8=Q 1-0

[Event "Early-Titled-Tuesday-Blitz-November-28-2023"]
[Site "Chess.com"]
[Date "2023.11.28"]
[Round "4"]
[White "Burovic00"]
[Black "ammarzooqi"]
[Result "1-0"]
[WhiteElo "2573"]
[BlackElo "2346"]
[TimeControl "180+1"]
[EndTime "8:40:10 PST"]
[Termination "Burovic00 won by resignation"]

1. e4 e5 2. f4 d5 3. exd5 exf4 4.
Nf3 Nf6 5. c4 c6 6. d4 cxd5 7.
Bxf4 dxc4 8. Bxc4 Bb4+ 9. Nc3 O-O 10. O-O Bg4 11. a3 Bd6 12. Bg5 h6 13. Bh4 Nbd7 14. h3 Bh5 15. Qd3 Rc8 16. Ba2 Qb6 17. b4 Ne5 18. Nxe5 Bxe5 19. Bf2 Rfd8 20. dxe5 Rxd3 21.
Bxb6 axb6 22. Na4 Ne4 23. Nxb6 Rc6 24. Nd5 Kh8 25. Nf4 Be2 26. Nxe2 Rd2 27. Nf4 Rcc2 28. Bb1 Ng3 29. Bxc2 Nxf1 30. Kxf1 Rxc2 31. e6 Rc4 32. g3 fxe6 33. Nxe6 Rc3 34. Kg2 Rc2+ 35.
Kf3 Rc3+ 36. Kg4 Rc4+ 37. Kf5 Rc3 38. Kf4 Rc4+ 39. Ke5 Rc3 40. Rg1 Rxa3 41. Kd6 Rb3 42. Kc5 b6+ 43. Kb5 Kh7 44. Nc7 h5 45. h4 g5 46.
hxg5 Kg6 47. Nd5 Kxg5 48. Kc4 Rb2 49. Nxb6 Kg4 50. Nd5 Rc2+ 51. Kd4 Rd2+ 52. Kc5 Rc2+ 53. Kd6 Rd2 54. b5 Kf5 55. b6 Ke4 56. Re1+ Re2 57. Rxe2+ 1-0

[Event "Early-Titled-Tuesday-Blitz-November-28-2023"]
[Site "Chess.com"]
[Date "2023.11.28"]
[Round "4"]
[White "Rital44"]
[Black "nicolochessit"]
[Result "0-1"]
[WhiteElo "2507"]
[BlackElo "2357"]
[TimeControl "180+1"]
[EndTime "8:40:10 PST"]
[Termination "nicolochessit won by resignation"]

1. c4 c6 2. d4 d5 3. Nf3 Nf6 4. e3 e6 5. Nbd2 Bd6 6. b3 O-O 7. Bb2 Nbd7 8. Bd3 Re8 9. Ne5 c5 10. O-O b6 11. f4 Bb7 12. Rc1 Rc8 13. Qe2 Ne4 14. Rfd1 f5 15. Bxe4 Bxe5 16. Bf3 Bf6 17. dxc5 Bxb2 18. Rc2 Bf6 19. cxd5 exd5 20. Nf1 Rxc5 21.
Rcd2 Qe7 22. Qd3 Rc3 23. Qxf5 Nc5 24. Bxd5+ Bxd5 25. Rxd5 Rxe3 26. b4 Na4 27. Rd7 Qe6 28.
Qxe6+ R3xe6 29. Rxa7 Nc3 30. Rdd7 Ne2+ 31. Kf2 Nxf4 32.
Ng3 Re5 33. a4 Ne6 34. a5 bxa5 35. bxa5 Nc5 36. Rd2 R5e7 37. Rxe7 Rxe7 38. Rd5 Ne4+ 39. Nxe4 Rxe4 40. Kf3 Ra4 41. Rc5 Kf7 42. g3 Bd8 43. Rd5 Bxa5 44. Rd7+ Kf8 45. Ra7 Ra3+ 46. Kg4 Bb4 47.
Rb7 Be7 48. h4 Ra4+ 49. Kf3 Kf7 50. Rc7 Kf6 51. Rc6+ Kf7 52. Rc7 Rd4 53. Ra7 Rd6 54. Kf4 Ke6 55. Rb7 Bf6 56. Ra7 Rd4+ 57. Kf3 Rd6 58. Ra8 h6 59. Ra7 Rd3+ 60. Kf2 Bd4+ 61. Kg2 Bxa7 0-1

[Event "Early-Titled-Tuesday-Blitz-November-28-2023"]
[Site "Chess.com"]
[Date "2023.11.28"]
[Round "4"]
[White "elchacal664"]
[Black "Dewarfd"]
[Result "1-0"]
[WhiteElo "2340"]
[BlackElo "2113"]
[TimeControl "180+1"]
[EndTime "8:40:13 PST"]
[Termination "elchacal664 won on time"]

1. e3 d5 2. c4 e6 3. b3 c5 4. Bb2 Nf6 5. cxd5 exd5 6. Nf3 Be7 7. Be2 O-O 8. O-O b6 9. d4 Ba6 10. dxc5 bxc5 11. Nc3 Bxe2 12. Qxe2 d4 13. Rfd1 Nc6 14. Na4 Re8 15. Qb5 Qd5 16. exd4 Rab8 17. Qf1 cxd4 18. Nxd4 Nxd4 19. Rxd4 Qg5 20. h3 Rbc8 21. Rad1 h6 22.
Qd3 a5 23. Qd2 Qxd2 24. R4xd2 Bb4 25. Rd3 Ne4 26. a3 Bf8 27. f3 Ng3 28. Kh2 Nh5 29.
R1d2 Nf4 30. Rd4 Ne6 31. Rd6 Bxd6+ 32. Rxd6 Rc2 33. Be5 f6 34. Bc3 Nf4 35. Bd2 Nxg2 36. Kxg2 Re2+ 37. Kg3 Rexd2 38. Ra6 g5 39. Kg4 Rd5 40.
Nb6 f5+ 41. Kh5 Rd6 42. Ra8+ Kg7 43. Ra7+ Kf6 44. Nc4 Re6 45. Rh7 Rh2 46. Rxh6+ Ke7 47. Rh7+ Kf8 48. Kxg5 Rg2+ 49. Kxf5 Re7 50. Rh8+ Rg8 51.
Rxg8+ Kxg8 52. Nxa5 Re3 53. Kf4 Rc3 54. Ke4 Kf7 55. h4 Kf6 56. h5 Kg5 57. a4 Kxh5 58. Kd4 Rxf3 59. Nc4 Rf1 60. a5 Kg6 61. Kc5 Kf7 62.
a6 Ke7 63. Kb6 Ra1 64. b4 Kd7 65. b5 Kc8 66. a7 1-0

[Event "Early-Titled-Tuesday-Blitz-November-28-2023"]
[Site "Chess.com"]
[Date "2023.11.28"]
[Round "4"]
[White "Cayse"]
[Black "mishanick"]
[Result "0-1"]
[WhiteElo "2855"]
[BlackElo "3061"]
[TimeControl "180+1"]
[EndTime "8:40:15 PST"]
[Termination "mishanick won on time"]

1. e4 c5 2. Nf3 d6 3. Bb5+ Bd7 4.
Bxd7+ Nxd7 5. O-O e6 6. d4 cxd4 7. Nxd4 Ngf6 8. Re1 Rc8 9. b3 Be7 10. c4 O-O 11. Nc3 Qa5 12. Bb2 a6 13. Rc1 Rfd8 14.
f4 Qh5 15. Qxh5 Nxh5 16. g3 Nhf6 17. Kg2 Nc5 18. Rcd1 Ne8 19. Kf3 g5 20. Nc2 Bf6 21. e5 dxe5 22. fxe5 Nd3 23. exf6 Nxb2 24. Rxd8 Rxd8 25.
Ne4 h6 26. Ke2 Rc8 27. Rb1 Nxc4 28. bxc4 Rxc4 29. Kd3 Rc7 30. Rb6 Kh7 31. Ne3 Kg6 32.
Ng4 h5 33. Ne5+ Kf5 34. Nc4 Rd7+ 35. Ke3 Nxf6 36. Ncd6+ Kg6 37. Nxf6 Kxf6 38. Nxb7 Rc7 39. a4 Rc3+ 40. Kd4 Rc2 41. Rxa6 Rxh2 42. Ra8 h4 43. gxh4 Rxh4+ 44. Ke3 Rh3+ 45. Kf2 Ra3 46.
a5 Ke5 47. a6 Kd5 48. Rd8+ Kc6 49. Rd6+ Kc7 50. Kg2 g4 51. Rd2 Rxa6 52. Nc5 Ra5 53. Ne4 f5 54. Ng5 e5 55. Kg3 Ra3+ 56. Kh4 Kc6 57. Ne6 Rf3 58. Kg5 g3 59. Ng7 f4 60.
Nf5 Rf2 61. Rd1 g2 0-1

[Event "Early-Titled-Tuesday-Blitz-November-28-2023"]
[Site "Chess.com"]
[Date "2023.11.28"]
[Round "4"]
[White "Kapitan_Bayan"]
[Black "Rodalquilar"]
[Result "1-0"]
[WhiteElo "2299"]
[BlackElo "2735"]
[TimeControl "180+1"]
[EndTime "8:40:16 PST"]
[Termination "Kapitan_Bayan won on time"]

1. e4 d5 2. exd5 Qxd5 3. Nc3 Qa5 4. d4 Nf6 5. Nf3 Bf5 6. h3 e6 7. g4 Bg6 8. Ne5 Nbd7 9. Nc4 Qa6 10. h4 Bb4 11. h5 Be4 12. f3 Bd5 13. Ne3 Qa5 14.
Bd2 h6 15. a3 Bxc3 16. bxc3 Qb6 17. c4 Bc6 18. Bc3 Ba4 19. c5 Qc6 20. Bc4 Bb5 21.
Qe2 Bxc4 22. Nxc4 b6 23. cxb6 axb6 24. Bb4 Nd5 25. O-O Ra4 26. c3 Nxb4 27. axb4 O-O 28. Qd3 Rfa8 29. Rxa4 Qxa4 30. Ne3 Nf6 31. f4 Qa6 32. b5 Qa3 33. g5 hxg5 34. fxg5 Nxh5 35. g6 Rf8 36. Ng4 fxg6 37. Rxf8+ Qxf8 38. Qxg6 Qf3 39. Qxh5 Qg3+ 40. Kh1 Qf3+ 41. Kh2 Qe2+ 42. Kh3 Qf1+ 43. Kh4 Qe1+ 44. Kg5 Qd2+ 45. Kh4 Qe1+ 46. Kh3 Qh1+ 47. Nh2 Qc1 48. Qe8+ Kh7 49. Qh5+ Kg8 50. Qg4 Qxc3+ 51. Nf3 Qc4 52. Ne5 Qb3+ 53. Kh4 Kf8 54. Qg6 1-0

[Event "Early-Titled-Tuesday-Blitz-November-28-2023"]
[Site "Chess.com"]
[Date "2023.11.28"]
[Round "4"]
[White "elmusmolamas"]
[Black "mbojan"]
[Result "0-1"]
[WhiteElo "2601"]
[BlackElo "2853"]
[TimeControl "180+1"]
[EndTime "8:40:17 PST"]
[Termination "mbojan won on time"]

1. e4 a6 2. d4 e6 3. c3 d5 4.
Bd3 dxe4 5. Bxe4 Nf6 6. Bf3 c5 7. Ne2 Nc6 8. O-O cxd4 9. Bxc6+ bxc6 10. Nxd4 c5 11. Qf3 Bd7 12. Nc6 Qc8 13. Ne5 Be7 14. Bg5 O-O 15. Rd1 Ra7 16. Na3 Rd8 17. Nac4 Be8 18.
Rxd8 Qxd8 19. Rd1 Qa8 20. Qe2 Bb5 21. f3 h6 22. Bh4 Nd5 23. Bxe7 Rxe7 24. Qf2 Bxc4 25. Nxc4 Rc7 26. Ne3 Rd7 27. Nxd5 Rxd5 28. Rxd5 Qxd5 29. h3 Qxa2 30. Qxc5 Qxb2 31. Qc8+ Kh7 32.
Qxa6 Qxc3 33. Qe2 Qd4+ 34. Kh1 h5 35. Qc2+ g6 36. Qc7 Kg7 37. Qc2 h4 38. Qe2 Kf6 39. Qe1 g5 40. Qc1 Qf4 41. Qa1+ Qe5 42. Qc1 Kg6 43. Qb1+ Kg7 44. Qc1 Qf5 45. Qa1+ Kg6 46.
Qc1 Qe5 47. Qb1+ Kf6 48. Qc1 Kf5 49. Qb1+ Kf4 50. Qf1 Qc3 51. Qd1 f5 52. Qg1 e5 53.
Qh2+ Ke3 54. Qg1+ Ke2 55. Kh2 e4 56. fxe4 fxe4 57. Qb6 e3 58. Qg6 Qe5+ 59. Kh1 Kf2 60. Qf7+ Qf4 61. Qa2+ e2 62. Qd2 Qxd2 0-1

[Event "Early-Titled-Tuesday-Blitz-November-28-2023"]
[Site "Chess.com"]
[Date "2023.11.28"]
[Round "4"]
[White "German_Bazeev"]
[Black "Emp3rador"]
[Result "0-1"]
[WhiteElo "2783"]
[BlackElo "2572"]
[TimeControl "180+1"]
[EndTime "8:40:18 PST"]
[Termination "Emp3rador won by resignation"]

1. d4 d5 2. Nf3 Nf6 3. c4 c6 4.
Qc2 dxc4 5. e4 b5 6. b3 cxb3 7.
axb3 e6 8. Bd2 a5 9. Bd3 Qb6 10. O-O b4 11. h3 Ba6 12. Be3 Qb7 13. Nbd2 Be7 14. Ne5 O-O 15. Nec4 Bxc4 16. Nxc4 Bd8 17. e5 Nd5 18. Bxh7+ Kh8 19. Bd3 Nd7 20. Qe2 g6 21.
Bh6 Bc7 22. Bxf8 Nxf8 23. f4 a4 24. f5 exf5 25. Bxf5 axb3 26. Rxa8 Qxa8 27. Bd3 Kg8 28. Qf2 Qe8 29. Qb2 Ne6 30. Qxb3 Nxd4 31. Qb2 Ne6 32. Be4 Qb8 33. Qf2 Qf8 34. Qg3 Qc5+ 35. Kh2 Qxc4 36.
Bxg6 Ng7 37. Bxf7+ Kh8 38. Bxd5 Qxf1 39. Qh4+ Nh5 40.
Qxh5+ Kg7 41. Qg5+ Kh7 42. Be4+ Kh8 43. Qh6+ Kg8 44.
Qh7+ Kf8 45. Qxc7 Qf4+ 46. Kg1 Qe3+ 47. Kh2 Qf4+ 48. g3 Qxe4 49. h4 Qe2+ 50. Kh3 b3 51. Qd6+ Ke8 52. e6 Qf2 53. Kg4 Qe2+ 54. Kg5 Qe3+ 55.
Kf6 Qf3+ 56. Kg7 Qd5 57. Qb8+ Ke7 58. Qb7+ Kxe6 59. g4 Qe5+ 60. Kg6 b2 61. g5 Qe4+ 62. Kg7 b1=Q 63. Qc8+ Kd6 0-1

[Event "Early-Titled-Tuesday-Blitz-November-28-2023"]
[Site "Chess.com"]
[Date "2023.11.28"]
[Round "4"]
[White "LUISMIGUELOV"]
[Black "Savagelittlemole"]
[Result "1/2-1/2"]
[WhiteElo "2217"]
[BlackElo "2480"]
[TimeControl "180+1"]
[EndTime "8:40:18 PST"]
[Termination "Game drawn by repetition"]

1. d4 Nf6 2. c3 c5 3. dxc5 e6 4. Be3 Na6 5. b4 Be7 6. g3 O-O 7. Bg2 Ng4 8. Bf4 Bf6 9. Nf3 e5 10. Bd2 e4 11. Nd4 e3 12. Bxe3 Nxe3 13. fxe3 d6 14. cxd6 Qxd6 15. O-O Qe5 16. Qd3 Bg5 17. e4 Bf6 18. a3 Bg4 19. Nd2 Rad8 20. N2f3 Bxf3 21.
exf3 Rxd4 22. cxd4 Qxd4+ 23. Qxd4 Bxd4+ 24. Kh1 Bxa1 25. Rxa1 Rd8 26. f4 Rd2 27. e5 b6 28. h4 Kf8 29. Kh2 Ke7 30. Kh3 h6 31. Bf3 Nc7 32.
Rc1 Nb5 33. a4 Nd4 34. Bg4 Rc2 35. Rd1 Ne6 36. Bxe6 Kxe6 37. Rd6+ Ke7 38. a5 bxa5 39. bxa5 Rc7 40. Kg4 Rb7 41. h5 Rc7 42. Kf5 Rb7 43.
g4 Rc7 44. Ra6 Rb7 45. g5 hxg5 46. fxg5 Kf8 47. h6 gxh6 48. Rxh6 Kg7 49. Ra6 Re7 50. Rd6 Rb7 51. Ra6 Re7 52. e6 fxe6+ 53. Rxe6 Rb7 54.
Ra6 Rb5+ 55. Kg4 Rb7 56. Kh5 Rc7 57. Rd6 Rb7 58. a6 Re7 59. Rg6+ Kh7 60. Rh6+ Kg7 61. Rg6+ Kh7 62. Rh6+ Kg7 63. Rg6+ 1/2-1/2

[Event "Early-Titled-Tuesday-Blitz-November-28-2023"]
[Site "Chess.com"]
[Date "2023.11.28"]
[Round "4"]
[White "GP9isback23"]
[Black "DDTerziev04"]
[Result "1-0"]
[WhiteElo "2615"]
[BlackElo "2138"]
[TimeControl "180+1"]
[EndTime "8:40:20 PST"]
[Termination "GP9isback23 won by checkmate"]

1. d4 d5 2. Nf3 Nf6 3. c4 dxc4 4.
Nc3 e6 5. e3 a6 6. a4 Be7 7. Bxc4 c5 8. O-O Nc6 9. Qe2 cxd4 10.
exd4 O-O 11. Rd1 Nb4 12. Ne5 Nbd5 13. Bg5 Nxc3 14. bxc3 Nd5 15. Bxd5 exd5 16. Bxe7 Qxe7 17. Qf3 Be6 18. Rdb1 Rac8 19. a5 Rc7 20. Rb3 Rfc8 21. Rab1 Qf6 22. Qe3 h6 23. h3 Qf5 24. R1b2 Qe4 25. Qd2 Qf5 26. Nd3 Qg6 27. Kh2 Bf5 28.
Nc5 Qd6+ 29. Kg1 Rxc5 30. dxc5 Qxc5 31. Rxb7 Qxa5 32. Rb8 Rxb8 33. Rxb8+ Kh7 34. Rb7 Bg6 35. Qd4 Qa1+ 36. Kh2 Qa2 37. Ra7 a5 38. Qc5 Qd2 39.
Rxa5 Qf4+ 40. g3 Qf3 41. Qe3 Qd1 42. Ra2 Be4 43. f3 Bxf3 44. Qg1 Qb3 45. Rf2 Qxc3 46. Qf1 Be4 47. Rxf7 d4 48. Qf6 Qc2+ 49. Qf2 d3 50. Kg1 Qd1+ 51. Qf1 Qc2 52. Rf2 Qc5 53. Kh2 Qd4 54. Qe1 Bg6 55. Rd2 Be4 56. Qf2 Qxf2+ 57. Rxf2 g5 58. g4 Bg6 59. Kg3 Kg7 60. Kf3 Bh7 61. Ke3 Bg6 62. Ra2 Bh7 63. Ra7+ Kg8 64. Ra6 Kg7 65. Rd6 Bg6 66. Kd2 Kf7 67. Kc3 Kg7 68.
Kd4 h5 69. Ke5 hxg4 70. hxg4 Kh7 71. Kf6 Kh6 72. Rd8 Bh7 73. Rd5 Bg6 74. Rxg5 Be4 75. Rh5# 1-0

[Event "Early-Titled-Tuesday-Blitz-November-28-2023"]
[Site "Chess.com"]
[Date "2023.11.28"]
[Round "4"]
[White "cthulhuuu"]
[Black "KNVB"]
[Result "0-1"]
[WhiteElo "2467"]
[BlackElo "2736"]
[TimeControl "180+1"]
[EndTime "8:40:20 PST"]
[Termination "KNVB won by checkmate"]

1. e4 b6 2. g3 Bb7 3. Bg2 e6 4. d3 c5 5. Nf3 d5 6. Nbd2 dxe4 7.
dxe4 Nf6 8. O-O Be7 9. e5 Nd5 10. a3 b5 11. c4 bxc4 12. Nxc4 Nd7 13. Bg5 O-O 14. Bxe7 Qxe7 15. Re1 Rab8 16. Qd2 h6 17. Rac1 Ba8 18. Qa5 N7b6 19. Nd6 c4 20.
Re2 Rfd8 21. h4 Qc7 22. Nxc4 Nxc4 23. Qxc7 Nxc7 24. Rxc4 Rd1+ 25. Kh2 Nd5 26. Rec2 Nb6 27. Rc7 Bd5 28. Rxa7 Nc4 29. b4 Ra1 30. Nd4 Bxg2 31. Kxg2 Rxa3 32. Rxa3 Nxa3 33. Rb2 Nc4 34. Rb1 Nxe5 35. b5 Rb6 36. Rc1 Kf8 37. f4 Nd7 38.
Rc7 Ke7 39. Kf3 Kd6 40. Ra7 f6 41. Ra8 h5 42. Rg8 Rb7 43. Ke3 Rc7 44. Rxg7 Rc3+ 45. Kd2 Ra3 46. Rh7 f5 47. Rxh5 Rxg3 48. Nc2 Nb6 49.
Ne3 Rh3 50. Rh6 Kc5 51. Rxe6 Rxh4 52. Re5+ Kd4 53. Rxf5 Rh2+ 54. Kd1 Kxe3 55. Re5+ Kd3 56. f5 Nc4 57. Re1 Nb2+ 58. Kc1 Kc3 59. Re3+ Nd3+ 60. Kd1 Rd2# 0-1

[Event "Early-Titled-Tuesday-Blitz-November-28-2023"]
[Site "Chess.com"]
[Date "2023.11.28"]
[Round "4"]
[White "Sokoloco"]
[Black "Kaua18"]
[Result "0-1"]
[WhiteElo "2753"]
[BlackElo "2556"]
[TimeControl "180+1"]
[EndTime "8:40:23 PST"]
[Termination "Kaua18 won on time"]

1. b3 d5 2. Bb2 Nf6 3. e3 g6 4.
Bxf6 exf6 5. d4 c6 6. c3 Bd6 7. g3 Nd7 8. h4 h5 9. Nf3 f5 10. Nbd2 Nf6 11. Ng5 Ne4 12. Ndxe4 fxe4 13. Bh3 Bxh3 14.
Nxh3 a5 15. Qd2 a4 16. b4 a3 17. O-O O-O 18. Kg2 Kg7 19. Rab1 b5 20. Rb3 Ra4 21. Qc1 Qa8 22. f3 Re8 23. fxe4 Rxe4 24. Ng5 Re7 25.
Rf3 f6 26. Nh3 Qe8 27. Kf2 Qd7 28. Ng1 Qa7 29. Nh3 Qd7 30. Kg2 Qa7 31. Nf2 Re6 32. Nd3 Re4 33. Kf2 Ra6 34. Kg2 Qe7 35. Nf2 Re6 36. Nd1 Qa7 37. Nf2 Qe7 38. Qd2 Ra7 39. Qe1 g5 40. hxg5 fxg5 41. g4 h4 42. Qe2 Rf6 43. Rb1 Rxf3 44. Qxf3 Qe6 45. Nh3 Kg6 46. Rf1 Re7 47. Qf5+ Qxf5 48. Rxf5 Rxe3 49. Rxg5+ Kf6 50. Rf5+ Kg6 51. Rf3 Re4 52. Nf2 Re2 53. Kh3 Rxa2 54. Kxh4 Rc2 55. Nh3 a2 56. Rf1 Rb2 57. Ra1 Rg2 0-1

[Event "Early-Titled-Tuesday-Blitz-November-28-2023"]
[Site "Chess.com"]
[Date "2023.11.28"]
[Round "4"]
[White "zverr1"]
[Black "Massakru"]
[Result "0-1"]
[WhiteElo "2529"]
[BlackElo "2367"]
[TimeControl "180+1"]
[EndTime "8:40:25 PST"]
[Termination "Massakru won by checkmate"]

1. e4 e5 2. Nf3 Nc6 3. Bc4 Nf6 4. Ng5 d5 5. exd5 Na5 6. Bb5+ c6 7. dxc6 bxc6 8. Be2 h6 9. Nh3 Bc5 10. d3 Nd5 11. Nc3 Bxh3 12. gxh3 Nf4 13. Bxf4 exf4 14. Ne4 Bd4 15. c3 Bb6 16. Qd2 Qc7 17. Qc2 O-O-O 18. O-O-O f5 19. Nd2 Bxf2 20. Rhf1 Be3 21. Kb1 Bxd2 22. Rxd2 Rhe8 23. d4 g6 24. Rg1 Re6 25.
Ba6+ Kb8 26. Rdg2 Rde8 27. b3 Qf7 28. Qf2 g5 29. b4 c5 30. Bb5 cxb4 31. Bxe8 Qxe8 32.
cxb4 Nc4 33. Ka1 Qa4 34. Qc2 Qb5 35. Qb3 Re3 36. Qb1 Qd5 37. Rb2 Qxd4 38. Rc1 Nxb2 39. Qxb2 Qxb2+ 40. Kxb2 Re2+ 41. Kc3 Rxa2 42. Re1 Ra3+ 43.
Kc4 Rxh3 44. Re8+ Kc7 45. Rf8 Rxh2 46. Rxf5 Re2 47. Kc5 Re7 48. Rf6 Rg7 49. b5 g4 50.
Ra6 Kb7 51. Rxh6 g3 52. b6 axb6+ 53. Rxb6+ Kc7 54. Ra6 Kb7 55. Rb6+ Kc8 56. Ra6 g2 57. Ra8+ Kb7 58. Rd8 g1=Q+ 59. Kd6 Qb6+ 60. Ke5 Qxd8 61. Kf5 Rf7+ 62. Ke4 Qe7+ 63. Kf3 Qe3+ 64. Kg4 Qg3+ 65. Kh5 Rh7# 0-1